 Dungeon Crawl Stone Soup version 0.31.0-11-ge490571c62 (webtiles) character file.

Game seed: 18203126771513679224

249 qw the Skirmisher (level 5, -3/30 HPs)
             Began as a Deep Elf Hunter on Feb 3, 2024.
             Slain by a gnoll
             ... wielding a +0 spear
              (4 damage)
             ... on level 3 of the Dungeon.
             The game lasted 00:00:09 (2102 turns).

qw the Skirmisher (Deep Elf Hunter)                 Turns: 2102, Time: 00:00:10

Health: -3/30      AC:  8    Str: 10    XL:     5   Next: 87%
Magic:  7/7        EV: 11    Int: 14    God:
Gold:   82         SH:  0    Dex: 18    Spells: 4/4 levels left

rFire   . . .        a - +0 shortbow
rCold   . . .        (shield currently unavailable)
rNeg    . . .        e - +0 ring mail
rPois   .            c - +1 helmet
rElec   .            b - +0 cloak
rCorr   .            (no gloves)
SInv    .            (no boots)
Will    .....        (no amulet)
Stlth   +            (no ring)
HPRegen 0.25/turn    (no ring)
MPRegen 0.10/turn

%: no passive effects
@: about to teleport
A: no striking features
a: no special abilities


You were on level 3 of the Dungeon.
You visited 1 branch of the dungeon, and saw 3 of its levels.

You collected 166 gold pieces.
You spent 84 gold pieces at shops.


   Skills:
 - Level 2.0 Fighting
 - Level 9.1 Ranged Weapons
 + Level 0.5 Armour
 - Level 2.4 Dodging
 - Level 1.2 Stealth


You had 4 spell levels left.
You didn't know any spells.
Your spell library was empty.

Inventory:

Hand Weapons
 a - a +0 shortbow (weapon)
Armour
 b - a +0 cloak (worn)
 c - a +1 helmet (worn)
 e - a +0 ring mail (worn)
 p - a +1 leather armour of poison resistance
Wands
 h - a wand of digging (4)
 j - a wand of flame (6)
Scrolls
 k - a scroll of teleportation
 n - a scroll of identify
 o - a scroll of immolation {unknown}
 q - a scroll of enchant armour {unknown}
 r - a scroll of blinking {unknown}
Potions
 d - a potion of curing
 g - a potion of berserk rage {unknown}
 i - a potion of brilliance {unknown}
 l - a potion of lignification {unknown}
 m - a potion of might {unknown}

Dungeon Overview and Level Annotations

Branches:
Dungeon (3/15)

Altars:
Ru

Shops:
D:3 ?


Message History

The gnoll hits you but does no damage. The kobold hits you with a +0 club.
The kobold barely misses you. The gnoll hits you but does no damage.
The gnoll barely misses you.
You shoot an arrow.
The arrow hits the kobold but does no damage.
The gnoll hits you from afar with a +0 spear.
The kobold barely misses you. x2; The gnoll closely misses you. x2
You shoot an arrow.
The arrow hits the kobold but does no damage.
The gnoll hits you but does no damage. The kobold closely misses you.
The kobold hits you with a +0 club. The gnoll barely misses you.
The gnoll hits you from afar with a +0 spear.
You shoot an arrow. The arrow closely misses the kobold.
The gnoll hits you from afar with a +0 spear.
The kobold closely misses you. The kobold completely misses you.
The gnoll barely misses you. The gnoll misses you.
You shoot an arrow. The arrow closely misses the kobold.
The gnoll barely misses you. The kobold closely misses you.
The kobold hits you but does no damage. The gnoll closely misses you.
The gnoll hits you but does no damage.
You shoot an arrow. The arrow hits the kobold!
You kill the kobold!
The gnoll hits you from afar with a +0 spear.
The kobold hits you but does no damage.
The gnoll hits you from afar with a +0 spear.
The gnoll barely misses you. The kobold hits you but does no damage.
The gnoll hits you but does no damage. The gnoll barely misses you.
The gnoll hits you but does no damage.
2101 ||| READING 2 scrolls of teleportation.
As you read the scroll of teleportation, it crumbles to dust.
You feel strangely unstable. The kobold barely misses you.
The gnoll barely misses you. The gnoll hits you but does no damage.
The gnoll hits you from afar with a +0 spear.
You shoot an arrow. The arrow closely misses the kobold.
The arrow barely misses the gnoll.
The kobold barely misses you. The gnoll closely misses you.
The gnoll barely misses you.
The gnoll hits you from afar with a +0 spear.
You die...

~~~.~~~~~~~~~~~~~.~..~.~..~~#
~~~~~~~~~~~~~~~~~~~~~~~~~~~~#
~~~~~~~~~~~~~~~~~~~~~~~~~~~~#
~~~~~~~~~~~~~~#####~~~~~~~~~#
###############...#~~~~~~~~~#
....)........(#...#~~~~~~~~~#
..............#ggg
...)..........##K#
...########)...)@# ...#
#......# ...########......#
..............##+#
..............#
.............?#
###############


You could see 3 gnolls and a kobold.

Vanquished Creatures
  A kobold brigand (D:3)
  Jessica (D:2)
  Robin (D:2)
  2 gnolls (D:3)
  4 adders
  2 dart slugs (D:3)
  3 ribbon worms
  5 orcs
  2 bats
  3 endoplasms
  A giant cockroach (D:1)
  11 goblins
  6 hobgoblins
  A quokka (D:2)
  8 ball pythons
  2 frilled lizards
  14 kobolds
  4 rats
71 creatures vanquished.

Notes
Turn   | Place    | Note
-------+----------+-------------------------------------------
     0 | D:1      | qw the Deep Elf Hunter began the quest for the Orb.
     0 | D:1      | Reached XP level 1. HP: 12/12 MP: 3/3
     0 | D:1      | 0 ||| qw: Version: 0.3-a-157-g843a77d
     0 | D:1      | 0 ||| qw: Game counter: 3989
     0 | D:1      | 0 ||| qw: Melee chars always use a shield: true
     0 | D:1      | 0 ||| qw: God list: Okawaru
     0 | D:1      | 0 ||| qw: Allow faded altars: false
     0 | D:1      | 0 ||| qw: Do Orc after clearing Dungeon:15 true
     0 | D:1      | 0 ||| qw: Do second Lair branch before Depths: true
     0 | D:1      | 0 ||| qw: Lair rune preference: random
     0 | D:1      | 0 ||| qw: Goals: Normal
     0 | D:1      | 0 ||| PLANNING D:1-11
   458 | D:1      | 458 ||| UPGRADING to +0 ring mail.
   468 | D:1      | 468 ||| DROPPING +0 leather armour.
   469 | D:1      | 469 ||| READING scroll labelled WOHIEZ QOMEUTS.
   469 | D:1      | 469 ||| IDENTIFYING grey potion
   470 | D:1      | 470 ||| READING scroll labelled XEGHESI TUST.
   471 | D:1      | 471 ||| DROPPING scroll of butterflies.
   537 | D:2      | Reached skill level 6 in Ranged Weapons
   537 | D:2      | Reached XP level 2. HP: 16/16 MP: 4/4
   544 | D:2      | Noticed Jessica
   551 | D:2      | Killed Jessica
   552 | D:2      | Reached XP level 3. HP: 13/20 MP: 5/5
   676 | D:2      | Reached skill level 7 in Ranged Weapons
   749 | D:2      | Noticed Robin
   755 | D:2      | Killed Robin
   756 | D:2      | Reached XP level 4. HP: 25/25 MP: 6/6
   970 | D:2      | HP: 6/25 [poisoned by an adder]
  1284 | D:2      | 1284 ||| UPGRADING to +0 cloak.
  1289 | D:2      | 1289 ||| UPGRADING to +1 helmet.
  1294 | D:2      | 1294 ||| READING 2 scrolls of identify.
  1294 | D:2      | 1294 ||| IDENTIFYING bubbling white potion
  1295 | D:2      | 1295 ||| READING scroll of identify.
  1295 | D:2      | 1295 ||| IDENTIFYING bubbling yellow potion
  1296 | D:2      | 1296 ||| READING scroll labelled ZYEWAGUQID.
  1297 | D:2      | 1297 ||| READING scroll labelled MOVVOI XEDA.
  1398 | D:2      | 1398 ||| DROPPING potion of attraction.
  1454 | D:3      | Reached skill level 8 in Ranged Weapons
  1606 | D:3      | Found Kyv Damm's Magic Scroll Shoppe.
  1612 | D:3      | 1612 ||| BUYING 2 scrolls of teleportation (84 gold).
  1612 | D:3      | Bought 2 scrolls of teleportation for 84 gold pieces
  1612 | D:3      | 1612 ||| SHOPLISTING scroll of enchant armour (105 gold,
                  | have 16).
  1612 | D:3      | 1612 ||| SHOPLISTING scroll of enchant weapon (105 gold,
                  | have 16).
  1612 | D:3      | 1612 ||| SHOPLISTING scroll of identify (28 gold, have 16).
  1612 | D:3      | 1612 ||| SHOPLISTING scroll of teleportation (42 gold, have
                  | 16).
  1744 | D:3      | Noticed a kobold brigand
  1745 | D:3      | 1745 ||| ZAPPING wand of flame (15) at -1,2 (kobold
                  | brigand; floor).
  1746 | D:3      | 1746 ||| ZAPPING wand of flame (14) at -1,1 (kobold
                  | brigand; floor).
  1747 | D:3      | 1747 ||| ZAPPING wand of flame (13) at -1,1 (kobold
                  | brigand; floor).
  1748 | D:3      | 1748 ||| ZAPPING wand of flame (12) at -1,1 (kobold
                  | brigand; floor).
  1749 | D:3      | 1749 ||| ZAPPING wand of flame (11) at -1,1 (kobold
                  | brigand; floor).
  1750 | D:3      | 1750 ||| ZAPPING wand of flame (10) at -1,1 (kobold
                  | brigand; floor).
  1751 | D:3      | 1751 ||| ZAPPING wand of flame (9) at -1,1 (kobold brigand;
                  | floor).
  1752 | D:3      | 1752 ||| ZAPPING wand of flame (8) at -1,1 (kobold brigand;
                  | floor).
  1753 | D:3      | 1753 ||| ZAPPING wand of flame (7) at -1,1 (kobold brigand;
                  | floor).
  1753 | D:3      | Killed a kobold brigand
  1754 | D:3      | Reached skill level 9 in Ranged Weapons
  1754 | D:3      | Reached XP level 5. HP: 16/29 MP: 7/7
  1818 | D:3      | Found a sacrificial altar of Ru.
  2026 | D:3      | HP: 7/30 [gnoll/+0 spear (2)]
  2027 | D:3      | 2027 ||| READING 3 scrolls of teleportation.
  2029 | D:3      | 2029 ||| DRINKING potion of heal wounds.
  2032 | D:3      | 2032 ||| FLEEEEING.
  2034 | D:3      | 2034 ||| FLEEEEING.
  2100 | D:3      | HP: 6/30 [gnoll/+0 spear (5)]
  2101 | D:3      | 2101 ||| READING 2 scrolls of teleportation.
  2101 | D:3      | HP: 1/30 [gnoll/+0 spear (3)]
  2102 | D:3      | Slain by a gnoll

Levels and vault maps discovered:
D:1:      dpeg_arrival_short_road, layout_basic, minmay_misc_feat_hallway
D:2:      layout_loops_cross, uniq_jessica, uniq_robin
D:3:      minmay_goblin_kobold_castle, layout_loops_ring,
          mainiacjoe_overflow_small_starburst, serial_shops, shop,
          basic_ecumenical_altar, minivault_25

Skill      XL: |  1  2  3  4  5 |
---------------+----------------+-----
Ranged Weapons | 6 7 9 |  9.1
Fighting       | 2 |  2.0
Armour         | |  0.5
Dodging        | |  2.4
Stealth        | |  1.2

Action                     |  1- 3 |  4- 6 || total
---------------------------+-------+-------++-------
   Fire: Shortbow          |    59 |   171 ||   230
  Evoke: Wand              |       |     9 ||     9
    Use: Scroll            |     2 |     6 ||     8
         Potion            |       |     1 ||     1
 Armour: Ring mail         |     4 |    77 ||    81
  Dodge: Dodged            |     2 |    89 ||    91

Table legend:
 A = Non-vault XP
 B = Vault XP
 C = Vault XP percentage of total XP
 D = Non-vault monster count
 E = Vault monster count
 F = Vault count percentage of total count
                 A         B        C        D         E       F
            +---------+---------+-------+---------+---------+-------
      Total |     140 |     217 |  60.8 |      46 |      25 |  35.2
            +---------+---------+-------+---------+---------+-------
        D:1 |      11 |       0 |   0.0 |       7 |       0 |   0.0
        D:2 |      62 |      69 |  52.7 |      20 |      11 |  35.5
        D:3 |      67 |     148 |  68.8 |      19 |      14 |  42.4
            +---------+---------+-------+---------+---------+-------
